 Dungeon Crawl Stone Soup version 0.27-a0-637-g3a9f0a9c12 (webtiles) character file.

Game seed: 6429376928435389700

1930 Aggronaut the Covert (level 9, -6/70 HPs)
             Began as a Ghoul Monk on Mar 15, 2021.
             Was a Priest of Okawaru.
             Mangled by an orc warrior
             ... wielding a +0 scimitar
              (14 damage)
             ... on level 7 of the Dungeon.
             The game lasted 00:16:22 (6929 turns).

Aggronaut the Covert (Ghoul Monk)                   Turns: 6929, Time: 00:16:22

Health: -6/70      AC:  6    Str: 17    XL:     9   Next: 17%
Magic:  8/8        EV: 11    Int:  5    God:    Okawaru [***...]
Gold:   256        SH:  5    Dex: 12    Spells: 8/8 levels left

rFire    . . .     SeeInvis .     - Unarmed
rCold    + . .     Faith    .   d - +0 buckler
rNeg     + + +     Spirit   .   j - +0 ring mail
rPois    ∞         Reflect  .   (no helmet)
rElec    .         Harm     .   g - +0 cloak
rCorr    .         Rampage  .   (no gloves)
Will     +....                  (no boots)
Stlth    ++++......             (no amulet)
HPRegen  0.00/turn              e - ring of willpower
MPRegen  0.11/turn              (no ring)

@: hasted, very quick
A: claws 1, cold resistance 1, negative energy resistance 3, inhibited
regeneration, torment resistance 2, unbreathing 1
a: Renounce Religion, Heroism


You were on level 7 of the Dungeon.
You worshipped Okawaru.
Okawaru was most pleased with you.
You visited 1 branch of the dungeon, and saw 7 of its levels.

You collected 256 gold pieces.

Inventory:

Missiles
 r - 20 poisoned darts (quivered)
Armour
 a - a +0 robe
 d - a +0 buckler (worn)
 g - a +0 cloak (worn)
 j - a +0 ring mail (worn)
Jewellery
 e - a ring of willpower (right claw)
 p - a ring of flight
 q - an amulet of magic regeneration
 t - a ring of protection from fire
Wands
 x - a wand of random effects (46)
 y - a wand of acid (14)
Scrolls
 f - 6 scrolls of identify
 i - a scroll of vulnerability {unknown}
 k - a scroll of enchant weapon {unknown}
 l - a scroll of brand weapon {unknown}
 m - a scroll of amnesia {unknown}
 n - a scroll of fog {unknown}
 s - a scroll of noise {unknown}
 u - 3 scrolls of immolation {unknown}
 v - a scroll of enchant armour {unknown}
 A - a scroll of teleportation {unknown}
 C - a scroll of magic mapping {unknown}
Potions
 b - 3 potions of lignification
 c - 2 potions of attraction
 h - a potion of flight
 o - 2 potions of might
 z - a potion of brilliance {unknown}
 B - a potion of haste


   Skills:
 - Level 3.2 Fighting
 - Level 2.6 Dodging
 - Level 10.0 Stealth
 - Level 4.0 Shields
 + Level 8.3 Unarmed Combat


You had 8 spell levels left.
You didn't know any spells.
Your spell library was empty.

Dungeon Overview and Level Annotations

Branches:
Dungeon (7/15)             Temple (0/1) D:6

Altars:
Hepliaklqana
Nemelex Xobeh
Okawaru
Qazlal
Ru
Trog
Uskayaw
Vehumet
The Shining One

Shops:
D:7 :


Innate Abilities, Weirdness & Mutations

You thrive by killing the living.
You are immune to poison.
You have sharp fingernails.
Your flesh is cold resistant. (rC+)
You are immune to negative energy. (rN+++)
You do not regenerate when monsters are visible.
You are immune to unholy pain and torment.
You can survive without breathing.


Message History

You scratch the orc but do no damage. The orc hits you.
You claw the orc!
You kill the orc!
Okawaru accepts your kill.
You feel better. The orc warrior misses you.
You see here an orc corpse.
You completely miss the orc warrior.
The orc warrior hits you but does no damage.
You closely miss the orc warrior. The orc warrior barely misses you.
You scratch the orc warrior but do no damage.
You scratch the orc warrior but do no damage.
The orc warrior closely misses you.
You scratch the orc warrior but do no damage.
The orc warrior hits you with a +0 scimitar!!
You closely miss the orc warrior. You closely miss the orc warrior.
The orc warrior hits you with a +0 scimitar!!
You scratch the orc warrior.
The orc warrior is lightly wounded.
The orc warrior hits you with a +0 scimitar!
You claw the orc warrior!
The orc warrior is heavily wounded.
The orc warrior hits you with a +0 scimitar!
* * * LOW HITPOINT WARNING * * *
There is an open door here.
Okay, then.
Okay, then.
There is an open door here.
There is an open door here.
Found a shiny fluorescent wand.
Found a robe.
Found a stone staircase leading up.
Found 17 bolts.
There is a stone staircase leading up here.
You see here 17 bolts.
Found 11 stones.
You feel yourself speed up.
The orc warrior hits you with a +0 scimitar!
You die...

#......... #....
#......... #....##+##
#........ ##........#
#....#
.#........#+#####....#
.#......[........##..#
.+.............(.#...#
.#...............+...#
+#...........<..@###.#
.#....###########o...#
.#....#...# #....#
.#./..#... #....#
.#....#... #......
+#....#..## #........
....###...# #.........
....#...<.# #####.........
....#....##....######.....


You could see an orc warrior.

Vanquished Creatures
  Grinder (D:3)
  Duvessa (D:4)
  A water moccasin (D:6)
  An orc warrior (D:6)
  2 ice beasts
  A black bear (D:6)
  A phantom (D:7)
  A bullfrog (D:7)
  Dowan (D:4)
  A scorpion (D:4)
  2 howler monkeys
  2 hounds (D:5)
  A jelly (D:5)
  An orc priest (D:6)
  Crazy Yiuf (D:3)
  A bullfrog zombie (D:5)
  3 iguanas (D:6)
  2 bullfrog skeletons
  Jessica (D:2)
  Ijyb (D:5)
  5 orc wizards
  3 worker ants
  Robin (D:4)
  10 adders
  2 river rats (D:4)
  A shadow imp (D:5)
  2 white imps
  A worm (D:3)
  3 dart slugs
  2 leopard geckos
  16 orcs
  4 ball pythons (D:4)
  6 bats
  6 giant cockroaches
  19 goblins
  8 hobgoblins
  7 jackals
  11 kobolds
  4 quokkas
  18 frilled lizards
  A leopard gecko skeleton (D:4)
  9 rats
165 creatures vanquished.

Vanquished Creatures (others)
  8 plants (D:3)
8 creatures vanquished.

Grand Total: 173 creatures vanquished

Notes
Turn   | Place    | Note
-------+----------+-------------------------------------------
     0 | D:1      | Aggronaut the Ghoul Monk began the quest for the Orb.
     0 | D:1      | Reached XP level 1. HP: 19/19 MP: 0/0
   219 | D:1      | Reached XP level 2. HP: 26/26 MP: 1/1
   231 | D:1      | Reached skill level 3 in Stealth
   904 | D:2      | Reached XP level 3. HP: 31/31 MP: 2/2
  1017 | D:2      | Reached skill level 1 in Shields
  1032 | D:2      | Reached XP level 4. HP: 38/38 MP: 3/3
  1151 | D:2      | Reached skill level 4 in Stealth
  1263 | D:2      | Found a hazy altar of Hepliaklqana.
  1484 | D:2      | Found a faded altar of an unknown god.
  1536 | D:3      | Noticed Jessica
  1556 | D:2      | Killed Jessica
  1773 | D:3      | Reached XP level 5. HP: 45/45 MP: 4/4
  2019 | D:3      | Noticed Grinder
  2037 | D:3      | Paralysed by Grinder for 4 turns
  2047 | D:3      | Killed Grinder
  2048 | D:3      | Reached skill level 5 in Stealth
  2048 | D:3      | Reached XP level 6. HP: 22/51 MP: 5/5
  2357 | D:3      | Reached skill level 6 in Stealth
  2498 | D:3      | Found a runed translucent door.
  2499 | D:3      | Noticed Crazy Yiuf
  2505 | D:3      | Killed Crazy Yiuf
  2734 | D:4      | Reached skill level 5 in Unarmed Combat
  2734 | D:4      | Reached XP level 7. HP: 41/57 MP: 6/6
  2788 | D:4      | Found an iron altar of Okawaru.
  3102 | D:4      | Noticed Robin
  3106 | D:4      | Killed Robin
  3149 | D:4      | Reached skill level 7 in Stealth
  3164 | D:4      | Noticed Duvessa
  3172 | D:4      | Noticed Dowan
  3194 | D:4      | Killed Duvessa
  3211 | D:4      | Killed Dowan
  3593 | D:4      | Found a hide-covered altar of Uskayaw.
  4098 | D:5      | Entered Level 5 of the Dungeon
  4136 | D:5      | Reached XP level 8. HP: 57/63 MP: 7/7
  4306 | D:5      | Reached skill level 8 in Stealth
  4378 | D:4      | Became a worshipper of Warmaster Okawaru
  4378 | D:4      | Reached * piety under Okawaru
  4378 | D:4      | Reached ** piety under Okawaru
  4648 | D:5      | Found a sparkling altar of Nemelex Xobeh.
  4738 | D:5      | Noticed Ijyb
  4744 | D:5      | Killed Ijyb
  5122 | D:5      | Found a sacrificial altar of Ru.
  5295 | D:6      | Found a radiant altar of Vehumet.
  5412 | D:6      | Found a staircase to the Ecumenical Temple.
  5579 | D:6      | Found a bloodstained altar of Trog.
  5588 | D:6      | Reached skill level 9 in Stealth
  6302 | D:6      | Reached skill level 10 in Stealth
  6312 | D:6      | Reached XP level 9. HP: 62/70 MP: 8/8
  6601 | D:7      | Found a stormy altar of Qazlal.
  6791 | D:7      | Reached *** piety under Okawaru
  6858 | D:7      | Found Katuaxt's Book Emporium.
  6929 | D:7      | Mangled by an orc warrior

Illustrated notes

Levels and vault maps discovered:
D:1:      dpeg_arrival_refuge, layout_basic
D:2:      layout_rooms, old_standard_altar, chequers_ecumenical_altar_grove,
          minmay_distorted
D:3:      layout_basic, general_overflow_altar, minmay_lizard_king,
          uniq_jessica, uniq_crazy_yiuf_cottage, uniq_grinder
D:4:      layout_rooms, okawaru_metal_pillars_3, marbit_many_paths,
          portal_sewer_entry_e, dk_rats_in_the_wall, uniq_robin, uniq_duvessa
D:5:      layout_loops_corners, nicolae_ru_great_annihilating_truth,
          basic_altar, uniq_ijyb
D:6:      layout_basic, fiery_altar_vehumet, temple_fountains,
          trog_butcher_becter
D:7:      layout_gridville, old_standard_altar, serial_shops, shop,
          minmay_manual_mess

Skill      XL: |  1  2  3  4  5  6  7  8  9 |
---------------+----------------------------+-----
Stealth        | 3 4 5 6 7 10 | 10.0
Shields        | 1 2 3 4 |  4.0
Unarmed Combat | 4 5 7 8 |  8.3
Fighting       | |  3.2
Dodging        | |  2.6

Action                   |  1- 3 |  4- 6 |  7- 9 || total
-------------------------+-------+-------+-------++-------
Melee: Unarmed           |    88 |   208 |   364 ||   660
Throw: Dart              |       |       |     2 ||     2
Invok: Heroism           |       |       |     2 ||     2
  Use: Scroll            |       |     6 |       ||     6
       Potion            |       |       |     4 ||     4
 Stab: Sleeping          |     1 |     4 |    10 ||    15
       Distracted        |       |     1 |     1 ||     2
       Paralysed         |       |       |     2 ||     2
       Invisible         |       |       |     1 ||     1
Armor: Robe              |     3 |       |       ||     3
       Ring mail         |    23 |    95 |   128 ||   246
Dodge: Dodged            |    44 |   142 |   143 ||   329
Block: Buckler           |     6 |    48 |    62 ||   116

Table legend: (Time is in decaauts)
 A = Elapsed time spent in this place.
 B = Non-inter-level travel time spent in this place.
 C = Inter-level travel time spent in this place.
 D = Time resting spent in this place.
 E = Time spent auto-exploring this place.
 F = Levels seen in this place.
 G = Mean time per level.
                   A        B        C        D        E       F      G
               +--------+--------+--------+--------+--------+-----+--------+
         Total |   6873 |   6620 |    253 |   1283 |   3648 |   7 |  981.9 |
       Dungeon |   6873 |   6620 |    253 |   1283 |   3648 |   7 |  981.9 |
               +--------+--------+--------+--------+--------+-----+--------+

Top non-repeatable levels by time:
     D:4: 1397 daAuts
     D:6: 1264 daAuts
     D:5: 1155 daAuts
     D:3: 945 daAuts
     D:2: 884 daAuts
     D:1: 873 daAuts
     D:7: 353 daAuts
